| TOP OF THE 1ST |
|
Kannapolis Intimidators batting - Pitching for Hickory Crawdads : RHP Jose Barragan
|
|
Pitching: RHP Jose Barragan
|
|
|
Batting: LHB Robert Rauda
|
0-0: Called Strike 0-1: Foul Ball, location: 2F 0-2: Foul Ball, location: 2F 0-2: Ball 1-2: Ball 2-2: Fly out, F8 (Flyball, 8RD, EV 101.2 MPH)
|
|
Batting: RHB Egidius Kruger
|
0-0: Ball 1-0: Ground out 5-3 (Groundball, 56S, EV 63.8 MPH)
|
|
Batting: SHB Ruben Velasco Jr.
|
0-0: TRIPLE (Flyball, 89XD, EV 110.0 MPH)
|
|
Batting: RHB Vic Lucatero
|
0-0: Ball 1-0: Ball 2-0: Fly out, F8 (Flyball, 8RM, EV 79.4 MPH)
|
| Top of the 1st over - 0 runs, 1 hit, 0 errors, 1 left on base; Kannapolis 0 - Hickory 0 |
| BOTTOM OF THE 1ST |
|
Hickory Crawdads batting - Pitching for Kannapolis Intimidators : RHP Doug Frampton
|
|
Pitching: RHP Doug Frampton
|
|
|
Batting: LHB Sadamu Noguchi
|
0-0: Ball 1-0: Foul Ball, location: 2F 1-1: SOLO HOME RUN (Flyball, 9LD, EV 96.2 MPH), Distance : 334 ft
|
|
Pitching: RHP Frank Gamez
|
|
|
Batting: RHB Nick Solberg
|
0-0: Fly out, F6 (Line Drive, 6M, EV 67.5 MPH)
|
|
Batting: RHB Joe Fiorito
|
0-0: Ball 1-0: Called Strike 1-1: Ball 2-1: Foul Ball, location: 2F 2-2: Fly out, F7 (Flyball, 7D, EV 73.8 MPH)
|
|
Batting: LHB Lee Gerken
|
0-0: Ball 1-0: Ground out U3 (Groundball, 34, EV 93.8 MPH)
|
| Bottom of the 1st over - 1 run, 1 hit, 0 errors, 0 left on base; Kannapolis 0 - Hickory 1 |
| TOP OF THE 2ND |
|
Kannapolis Intimidators batting - Pitching for Hickory Crawdads : RHP Jose Barragan
|
|
Batting: SHB Matt Childers
|
0-0: Ball 1-0: Called Strike 1-1: Called Strike 1-2: Ball 2-2: Strikes out swinging
|
|
Batting: RHB Benny O'Connor
|
0-0: Ball 1-0: Ball 2-0: Called Strike 2-1: Called Strike 2-2: Strikes out swinging
|
|
Batting: LHB Kevin Rolison
|
0-0: Called Strike 0-1: Called Strike 0-2: Strikes out looking
|
| Top of the 2nd over - 0 runs, 0 hits, 0 errors, 0 left on base; Kannapolis 0 - Hickory 1 |
| BOTTOM OF THE 2ND |
|
Hickory Crawdads batting - Pitching for Kannapolis Intimidators : RHP Frank Gamez
|
|
Batting: RHB Chance Lamb
|
0-0: Ball 1-0: Called Strike 1-1: Swinging Strike 1-2: Ground out 4-3 (Groundball, 34, EV 78.1 MPH)
|
|
Batting: RHB Justin Aslinger
|
0-0: Called Strike 0-1: Ball 1-1: Called Strike 1-2: Foul Ball, location: 2F 1-2: Foul Ball, location: 2F 1-2: Ground out 1-3 (Groundball, 15, EV 69.4 MPH)
|
|
Batting: RHB Chris Powell
|
0-0: Called Strike 0-1: Ball 1-1: Ball 2-1: Called Strike 2-2: Ball 3-2: Foul Ball, location: 2F 3-2: Base on Balls
|
|
Batting: RHB Dennis Daniels
|
0-0: Ball 1-0: Ball 2-0: Called Strike 2-1: Swinging Strike 2-2: Strikes out swinging
|
| Bottom of the 2nd over - 0 runs, 0 hits, 0 errors, 1 left on base; Kannapolis 0 - Hickory 1 |
| TOP OF THE 3RD |
|
Kannapolis Intimidators batting - Pitching for Hickory Crawdads : RHP Jose Barragan
|
|
Batting: SHB Josh Conner
|
0-0: Foul Ball, location: 2F 0-1: Foul Ball, location: 2F 0-2: Ball 1-2: Foul Ball, location: 2F 1-2: Ground out U3 (Groundball, 34, EV 90.6 MPH)
|
|
Batting: RHB Peter Wheeler
|
0-0: Fly out, F9 (Flyball, 9S, EV 86.9 MPH)
|
|
Batting: LHB Robert Rauda
|
0-0: Called Strike 0-1: Ball 1-1: DOUBLE (Line Drive, 7LM, EV 101.2 MPH)
|
|
Batting: RHB Egidius Kruger
|
0-0: SINGLE (Groundball, 6MD, EV 103.1 MPH) Robert Rauda to third
|
|
Batting: SHB Ruben Velasco Jr.
|
0-0: Called Strike 0-1: Foul Ball, location: 2F 0-2: Ball 1-2: Foul Ball, location: 2F 1-2: Foul Ball, location: 2F Pickoff Throw to First - Out! 1-3
|
| Top of the 3rd over - 0 runs, 2 hits, 0 errors, 1 left on base; Kannapolis 0 - Hickory 1 |
| BOTTOM OF THE 3RD |
|
Hickory Crawdads batting - Pitching for Kannapolis Intimidators : RHP Frank Gamez
|
|
Batting: RHB Ricky Carbajal
|
0-0: Called Strike 0-1: Swinging Strike 0-2: Ball 1-2: Foul Ball, location: 2F 1-2: Ball 2-2: Ground out 4-3 (Groundball, 4, EV 85.0 MPH)
|
|
Batting: LHB Sadamu Noguchi
|
0-0: Ball 1-0: Ball 2-0: Fly out, F8 (Flyball, 8LS, EV 83.8 MPH)
|
|
Batting: RHB Nick Solberg
|
0-0: Swinging Strike 0-1: Called Strike 0-2: Ground out 1-3 (Groundball, P, EV 70.0 MPH)
|
| Bottom of the 3rd over - 0 runs, 0 hits, 0 errors, 0 left on base; Kannapolis 0 - Hickory 1 |
| TOP OF THE 4TH |
|
Kannapolis Intimidators batting - Pitching for Hickory Crawdads : RHP Jose Barragan
|
|
Batting: SHB Ruben Velasco Jr.
|
0-0: Ball 1-0: Called Strike 1-1: Swinging Strike 1-2: Foul Ball, location: 2F 1-2: Ball 2-2: Strikes out looking
|
|
Batting: RHB Vic Lucatero
|
0-0: Swinging Strike 0-1: Ball 1-1: SOLO HOME RUN (Line Drive, 7LD, EV 99.4 MPH), Distance : 369 ft
|
|
Batting: SHB Matt Childers
|
0-0: Ball 1-0: Ball 2-0: Called Strike 2-1: Foul Ball, location: 2F 2-2: Strikes out swinging
|
|
Batting: RHB Benny O'Connor
|
0-0: Ball 1-0: Called Strike 1-1: Ball 2-1: Foul Ball, location: 2F 2-2: Fly out, F8 (Flyball, 8RM, EV 90.0 MPH)
|
| Top of the 4th over - 1 run, 1 hit, 0 errors, 0 left on base; Kannapolis 1 - Hickory 1 |
| BOTTOM OF THE 4TH |
|
Hickory Crawdads batting - Pitching for Kannapolis Intimidators : RHP Frank Gamez
|
|
Batting: RHB Joe Fiorito
|
0-0: Ball 1-0: Fly out, F7 (Line Drive, 78D, EV 88.8 MPH)
|
|
Batting: LHB Lee Gerken
|
0-0: Ball 1-0: Ball 2-0: Ball 3-0: Called Strike 3-1: Base on Balls
|
|
Batting: RHB Chance Lamb
|
0-0: Foul Ball, location: 2F 0-1: Called Strike 0-2: 2-RUN HOME RUN (Flyball, 9D, EV 94.4 MPH), Distance : 374 ft
|
|
Batting: RHB Justin Aslinger
|
0-0: Called Strike 0-1: SINGLE (Line Drive, 9S, EV 98.1 MPH)
|
|
Batting: RHB Chris Powell
|
0-0: Ball 1-0: Ball Justin Aslinger steals 2nd base 2-0: Foul Ball, location: 2F 2-1: Ball 3-1: Base on Balls
|
|
Pitching: RHP Mike Tolley
|
|
|
Batting: RHB Dennis Daniels
|
0-0: Called Strike 0-1: Ball 1-1: Foul Ball, location: 2F 1-2: Ball 2-2: Strikes out swinging
|
|
Batting: RHB Ricky Carbajal
|
0-0: Ball 1-0: Ball 2-0: Foul Ball, location: 2F 2-1: Foul Ball, location: 2F 2-2: Strikes out looking
|
| Bottom of the 4th over - 2 runs, 2 hits, 0 errors, 2 left on base; Kannapolis 1 - Hickory 3 |
| TOP OF THE 5TH |
|
Kannapolis Intimidators batting - Pitching for Hickory Crawdads : RHP Jose Barragan
|
|
Batting: LHB Kevin Rolison
|
0-0: Called Strike 0-1: Fly out, F9 (Flyball, 9D, EV 94.4 MPH)
|
|
Batting: SHB Josh Conner
|
0-0: Called Strike 0-1: Ball 1-1: Called Strike 1-2: Strikes out looking
|
|
Batting: RHB Peter Wheeler
|
0-0: Called Strike 0-1: Foul Ball, location: 2F 0-2: Foul Ball, location: 2F 0-2: Strikes out swinging
|
| Top of the 5th over - 0 runs, 0 hits, 0 errors, 0 left on base; Kannapolis 1 - Hickory 3 |
| BOTTOM OF THE 5TH |
|
Hickory Crawdads batting - Pitching for Kannapolis Intimidators : RHP Mike Tolley
|
|
Batting: LHB Sadamu Noguchi
|
0-0: Ball 1-0: Called Strike 1-1: Ground out 3-1 (Groundball, 34, EV 101.2 MPH)
|
|
Batting: RHB Nick Solberg
|
0-0: Ground out 6-3 (Groundball, 6M, EV 83.1 MPH)
|
|
Batting: RHB Joe Fiorito
|
0-0: Called Strike 0-1: Swinging Strike 0-2: Strikes out swinging
|
| Bottom of the 5th over - 0 runs, 0 hits, 0 errors, 0 left on base; Kannapolis 1 - Hickory 3 |
| TOP OF THE 6TH |
|
Kannapolis Intimidators batting - Pitching for Hickory Crawdads : RHP Jose Barragan
|
|
Batting: LHB Robert Rauda
|
0-0: Ball 1-0: Ground out 6-3 (Groundball, 6D, EV 110.0 MPH)
|
|
Batting: RHB Egidius Kruger
|
0-0: Called Strike 0-1: Foul Ball, location: 2F 0-2: Ball 1-2: Strikes out looking
|
|
Batting: SHB Ruben Velasco Jr.
|
0-0: Swinging Strike 0-1: Ball 1-1: Fly out, F7 (Flyball, 7D, EV 100.6 MPH)
|
| Top of the 6th over - 0 runs, 0 hits, 0 errors, 0 left on base; Kannapolis 1 - Hickory 3 |
| BOTTOM OF THE 6TH |
|
Hickory Crawdads batting - Pitching for Kannapolis Intimidators : RHP Mike Tolley
|
|
Batting: LHB Lee Gerken
|
0-0: Ball 1-0: Called Strike 1-1: Foul Ball, location: 2F 1-2: Reached on error, E4 (Groundball, 4, EV 84.4 MPH)
|
|
Batting: RHB Chance Lamb
|
0-0: Foul Ball, location: 2F 0-1: Ball 1-1: Fly out, F7 (Flyball, 7D, EV 76.9 MPH) Runner from 2nd tags up, SAFE at 3rd, no throw by LF
|
|
Batting: RHB Justin Aslinger
|
0-0: Ball 1-0: Ground out 6-3 (Groundball, 6, EV 90.6 MPH) Lee Gerken scores
|
|
Batting: RHB Chris Powell
|
0-0: Ball 1-0: Called Strike 1-1: Foul Ball, location: 2F 1-2: Fly out, F9 (Flyball, 89M, EV 93.1 MPH)
|
| Bottom of the 6th over - 1 run, 0 hits, 1 error, 0 left on base; Kannapolis 1 - Hickory 4 |
| TOP OF THE 7TH |
|
Kannapolis Intimidators batting - Pitching for Hickory Crawdads : RHP Jose Barragan
|
|
Batting: RHB Vic Lucatero
|
0-0: Called Strike 0-1: Ball 1-1: Ball 2-1: Ball 3-1: Foul Ball, location: 2F 3-2: Strikes out looking
|
|
Batting: SHB Matt Childers
|
0-0: Ground out 6-3 (Groundball, 6D, EV 84.4 MPH)
|
|
Batting: RHB Benny O'Connor
|
0-0: Called Strike 0-1: Ball 1-1: Ball 2-1: Fly out, F8 (Flyball, 78D, EV 83.8 MPH)
|
| Top of the 7th over - 0 runs, 0 hits, 0 errors, 0 left on base; Kannapolis 1 - Hickory 4 |
| BOTTOM OF THE 7TH |
|
Hickory Crawdads batting - Pitching for Kannapolis Intimidators : RHP Mike Tolley
|
|
Pitching: RHP Larry Cassano
|
|
|
Batting: RHB Dennis Daniels
|
0-0: Ball 1-0: Ball 2-0: Ball 3-0: Called Strike 3-1: Foul Ball, location: 2F 3-2: Strikes out swinging
|
|
Batting: RHB Ricky Carbajal
|
0-0: Called Strike 0-1: SOLO HOME RUN (Flyball, 9D, EV 98.8 MPH), Distance : 393 ft
|
|
Batting: LHB Sadamu Noguchi
|
0-0: Ball 1-0: Swinging Strike 1-1: Swinging Strike 1-2: Ball 2-2: Ball 3-2: Foul Ball, location: 2F 3-2: Base on Balls
|
|
Batting: RHB Nick Solberg
|
0-0: Ball Sadamu Noguchi steals 2nd base 1-0: Foul Ball, location: 2F 1-1: Foul Ball, location: 2F 1-2: Strikes out swinging
|
|
Batting: RHB Joe Fiorito
|
0-0: Called Strike 0-1: 2-RUN HOME RUN (Flyball, 7D, EV 115.0 MPH), Distance : 420 ft
|
|
Pitching: LHP Matt Donnelly
|
|
|
Batting: LHB Lee Gerken
|
0-0: SOLO HOME RUN (Flyball, 9LD, EV 92.5 MPH), Distance : 334 ft
|
|
Batting: RHB Chance Lamb
|
0-0: Ball 1-0: Ground out 6-3 (Groundball, 6, EV 93.1 MPH)
|
| Bottom of the 7th over - 4 runs, 3 hits, 0 errors, 0 left on base; Kannapolis 1 - Hickory 8 |
| TOP OF THE 8TH |
|
Kannapolis Intimidators batting - Pitching for Hickory Crawdads : RHP Jose Barragan
|
|
Batting: LHB Kevin Rolison
|
0-0: Called Strike 0-1: Ball 1-1: Ball 2-1: Ground out U3 (Groundball, 3, EV 83.8 MPH)
|
|
Batting: SHB Josh Conner
|
0-0: Ball 1-0: Ball 2-0: Ball 3-0: Called Strike 3-1: Called Strike 3-2: SINGLE (Line Drive, 3D, EV 103.8 MPH)
|
|
Pitching: RHP Tse-peng Kuang
|
|
|
Batting: RHB Peter Wheeler
|
0-0: Ball 1-0: Swinging Strike 1-1: Foul Ball, location: 2F 1-2: Ball 2-2: Strikes out swinging
|
|
Batting: LHB Robert Rauda
|
0-0: Called Strike 0-1: Ball 1-1: Ball 2-1: Swinging Strike 2-2: Strikes out swinging
|
| Top of the 8th over - 0 runs, 1 hit, 0 errors, 1 left on base; Kannapolis 1 - Hickory 8 |
| BOTTOM OF THE 8TH |
|
Hickory Crawdads batting - Pitching for Kannapolis Intimidators : LHP Matt Donnelly
|
|
Batting: RHB Justin Aslinger
|
0-0: Called Strike 0-1: SINGLE (Flyball, 3D, EV 89.4 MPH)
|
|
Batting: RHB Chris Powell
|
0-0: Ball 1-0: Foul Ball, location: 2F 1-1: Fly out, F8 (Flyball, 8RD, EV 91.2 MPH)
|
|
Batting: RHB Dennis Daniels
|
0-0: Ball 1-0: 2-RUN HOME RUN (Flyball, 9D, EV 95.6 MPH), Distance : 395 ft
|
|
Batting: RHB Ricky Carbajal
|
0-0: Ball 1-0: Ball 2-0: SINGLE (Flyball, 4MD, EV 95.6 MPH)
|
|
Pinch Hitting: RHB Andres Valles
|
0-0: Ball 1-0: Swinging Strike 1-1: Foul Ball, location: 2F 1-2: Strikes out swinging
|
|
Batting: RHB Nick Solberg
|
0-0: Ball 1-0: SINGLE (Groundball, 6MD, EV 103.1 MPH) Ricky Carbajal to second Runner from 2nd tries for 3rd, OUT! 8-5
|
| Bottom of the 8th over - 2 runs, 4 hits, 0 errors, 1 left on base; Kannapolis 1 - Hickory 10 |
| TOP OF THE 9TH |
|
Kannapolis Intimidators batting - Pitching for Hickory Crawdads : RHP Tse-peng Kuang
|
|
Now in RF: Theo van Gent
|
|
|
Batting: RHB Egidius Kruger
|
0-0: Ball 1-0: Swinging Strike 1-1: Swinging Strike 1-2: Fly out, F8 (Flyball, 89S, EV 95.0 MPH)
|
|
Batting: SHB Ruben Velasco Jr.
|
0-0: Swinging Strike 0-1: Swinging Strike 0-2: Ball 1-2: Foul Ball, location: 2F 1-2: Ball 2-2: Foul Ball, location: 2F 2-2: Foul Ball, location: 2F 2-2: Strikes out swinging
|
|
Batting: RHB Vic Lucatero
|
0-0: Ball 1-0: Ground out U3 (Groundball, 3S, EV 66.9 MPH)
|
| Top of the 9th over - 0 runs, 0 hits, 0 errors, 0 left on base; Kannapolis 1 - Hickory 10 |
|